nht, chaotic female elven Wizard ----- |...| ----...| |....*.| ----------- |......| |.........| |.......# #-.........| --------# ###|.........| ### # -------.--- ------- # -----### # #-.I.I.-- ###|..%|# # ###|..II..| #-....# # # #|......| |...| ### #### |......| ------- |...| -.----- # # |.......#####-.....| |...| |.....-### --.....| |.....| |...| |.*...| # ------- |.....| ----- |...... |...<-- |...--- |....| |...| ------ ----- nht the Conjurer Experience level: 4 Strength: 8 Dexterity: 13 Constitution: 14 Intelligence: 13 Wisdom: 9 Charisma: 11 Health: 0(23) Energy: 47(47) Def: 1 Gold: 0 Moves: 962 Dungeon seed: ZK7e5DiPQmnGkQ3O Game ID: nht_1432101982 Your Inventory: Weapons a - a blessed +1 quarterstaff (weapon in hands) Armor e - a cursed +0 cloak of magic resistance (being worn) Comestibles q - 4 uncursed food rations u - 2 uncursed tripe rations Scrolls j - a cursed scroll of light k - an uncursed scroll of confuse monster t - an uncursed scroll of light v - an uncursed scroll of fire I - a blessed scroll of enchant weapon J - a cursed scroll of scare monster Spellbooks m - a blessed spellbook of magic missile n - an uncursed spellbook of detect food s - a blessed spellbook of detect monsters Potions f - a cursed potion of gain level Rings c - an uncursed ring of warning d - a cursed ring of sustain ability Wands b - a wand of make invisible (0:6) F - a wand of magic missile (0:7) G - a wand of enlightenment (0:14) Tools o - a cursed magic marker (0:72) p - an uncursed tooled horn E - an uncursed tin whistle Spells known in the end: Name Level Category Fail Memory a - force bolt 1 attack 0% 96% b - magic missile 2 attack 0% 96% c - detect food 2 divination 89% 96% d - detect monsters 1 divination 0% 97% Your skills at the end: Fighting Skills Weapon Skills quarterstaff [Basic] Spellcasting Skills attack spells [Basic] enchantment spells [Basic] Final Attributes: You were piously aligned. You were sleep resistant. You were magic-protected. You were blinded. You had infravision. You are dead. Vanquished creatures: a yellow light a giant bat a werejackal 4 iguanas a gas spore a large kobold 2 giant rats a red mold a jackal a fox a kobold 2 sewer rats 4 grid bugs a lichen 2 kobold zombies 24 creatures vanquished. Voluntary challenges: You followed a strict vegan diet. You used a wielded weapon 28 times, starting on turn 15. You read items or engraved 9 times, starting on turn 196. You never genocided any monsters. You never polymorphed an object. You never changed form. You used no wishes. You never split a pudding. You wrote Elbereth's name 3 times, starting on turn 658. You never violated your personal moral code. You disabled loading bones files. Dungeon overview: The Dungeons of Doom: levels 1 to 7 Level 1 a fountain a long staircase Level 2 a fountain Level 3 an armor shop Level 4 a potion shop, an altar to Anhur Level 5 Level 6 a fountain Level 7 <- You were here History has recorded: On T:1 you entered the Dungeons of Doom to retrieve the Amulet of Yendor! On T:202 you reached level 2 of The Dungeons of Doom. On T:319 you reached level 3 of The Dungeons of Doom. On T:376 you reached level 4 of The Dungeons of Doom. On T:399 you advanced to experience level 2. On T:589 you advanced to experience level 3. On T:651 you reached level 5 of The Dungeons of Doom. On T:737 you reached level 6 of The Dungeons of Doom. On T:821 you reached level 7 of The Dungeons of Doom. On T:850 you advanced to experience level 4. Score breakdown: Gold: 0 ( 0 points) Experience: 4 levels ( 9649 points) Exploration: 7 levels ( 13.21%) (10190 points) Discoveries: 4 items ( 1.45%) ( 3611 points) Valuables value: (no points given unless you survive) Artifact value: 0 ( 0 points) Variety of kills: 15 monsters ( 3.96%) ( 5968 points) Time penalty: 962 turns ( 0 points) Survival: died (score multiplied by 80%) Total score: 23534 Latest messages: You drop a swirly potion (unpaid, 200 zorkmids). You drop a swirly potion (unpaid, 150 zorkmids). You sense a monster nearby! It bites! (2x) You die... Final status: Goodbye nht the Wizard, killed by a giant ant... You died in The Dungeons of Doom on dungeon level 7 with 23534 points, and 0 pieces of gold, after 962 moves. You were level 4 with a maximum of 23 hit points when you died.